 Dungeon Crawl Stone Soup version 0.29.1-15-g9cfb28693d (webtiles) character file.

Game seed: 9769040301050459530

4 croobank the Firebug (level 1, 0/13 HPs)
             Began as a Demonspawn Fire Elementalist on Apr 6, 2023.
             Slain by a quokka (4 damage)
             ... on level 1 of the Dungeon.
             The game lasted 00:01:18 (444 turns).

croobank the Firebug (Demonspawn Fire Elementalist)  Turns: 444, Time: 00:01:19

Health: 0/13       AC:  2    Str:  8    XL:     1   Next: 50%
Magic:  0/3        EV: 12    Int: 22    God:
Gold:   46         SH:  0    Dex: 13    Spells: 3/4 levels left

rFire   . . .      SeeInvis .   i - +0 dagger
rCold   . . .      Faith    .   (no shield)
rNeg    . . .      Spirit   .   a - +0 robe
rPois   .          Reflect  .   (no helmet)
rElec   .          Harm     .   (no cloak)
rCorr   .          Rampage  .   (no gloves)
Will    .....                   (no boots)
Stlth   ++........              f - amulet of the acrobat
HPRegen 0.04/turn               k - +6 ring of intelligence
MPRegen 0.08/turn               (no ring)

@: very slightly contaminated
A: no striking features
a: no special abilities


You were on level 1 of the Dungeon.
You visited 1 branch of the dungeon, and saw 2 of its levels.

You collected 46 gold pieces.

Inventory:

Hand Weapons
 i - a +0 dagger (weapon)
Armour
 a - a +0 robe (worn)
Magical Staves
 e - a staff of air
Jewellery
 f - an amulet of the acrobat (around neck)
 k - a +6 ring of intelligence (left hand)
Scrolls
 j - a scroll of amnesia {unknown}
Potions
 b - a potion of magic
 c - a potion of flight {unknown}
 d - a potion of curing {unknown}
 g - a potion of haste {unknown}
 h - a potion of brilliance {unknown}


   Skills:
 + Level 0.2 Fighting
 + Level 1.8 Dodging
 + Level 1.8 Stealth
 + Level 2.0 Spellcasting
 + Level 1.0 Conjurations
 + Level 2.7 Fire Magic


You had 3 spell levels left.
You knew the following spells:

 Your Spells              Type           Power      Damage    Failure   Level
a - Foxfire               Conj/Fire      40%        2x1d6     6%          1

Your spell library contained the following spells:

 Spells                   Type           Power      Damage    Failure   Level
 Scorch                   Fire           28%        2d6       7%          2
 Conjure Flame            Conj/Fire      10%        6-21      19%         3
 Sublimation of Blood     Necr           2%         N/A       21%         2
 Inner Flame              Hex/Fire       8%         N/A       24%         3
 Flame Wave               Conj/Fire      10%        2d6       52%         4
 Petrify                  Tmut/Erth      2%         N/A       80%         4
 Irradiate                Conj/Tmut      2%         3d12      97%         5


Dungeon Overview and Level Annotations

Branches:
Dungeon (2/15)

Altars:


Message History

k - a +6 ring of intelligence (left hand)
You start putting on your amulet.
You continue putting on your amulet of the acrobat. x5
You finish putting on your amulet of the acrobat.
You feel ready to tumble and roll out of harm's way.
f - an amulet of the acrobat (around neck)
A quokka comes into view.
Found a metallic clear potion.
Casting: Foxfire (safe; 6% risk of failure)
Confirm with . or Enter, or press ? or * to list all spells.
You don't know that spell.
Casting: Foxfire (safe; 6% risk of failure)
Confirm with . or Enter, or press ? or * to list all spells.
You conjure some foxfire!
The foxfire hits the quokka.
The quokka is heavily wounded.
You hit the quokka.
The quokka is severely wounded.
The quokka bites you.
You barely miss the quokka.
The quokka is severely wounded.
The quokka closely misses you.
Casting: Foxfire (safe; 6% risk of failure)
Confirm with . or Enter, or press ? or * to list all spells.
You miscast Foxfire.
You are very lightly contaminated with residual magic.
Nothing appears to happen.
The quokka bites you.
Unknown command.
Casting: Foxfire (safe; 6% risk of failure)
Confirm with . or Enter, or press ? or * to list all spells.
You don't know that spell.
Casting: Foxfire (safe; 6% risk of failure)
Confirm with . or Enter, or press ? or * to list all spells.
You conjure some foxfire!
The quokka bites you.
You closely miss the quokka.
The quokka is heavily wounded.
The foxfire hits the quokka but does no damage.
The quokka is heavily wounded.
The quokka bites you.
You die...

#..# # #... # ..# #..# #
.. ... # .. #########..
##.#####......##.#
.......#.####.##r#####.#
.#.# #.....##.##@......#
.#.###.#.#.....v########
....##.#.#.##.#.#
.#.......# ##.#(#
.##.##.##.....#.#
.......##..####.#
#..........# #.#
#.....###.... !.#
#.....# .### ###


You could see a quokka (ally target).

Vanquished Creatures
  A hobgoblin (D:1)
  A quokka (D:1)
  A bat (D:1)
  A rat (D:1)
4 creatures vanquished.

Vanquished Creatures (others)
  19 foxfires (D:1)
19 creatures vanquished.

Grand Total: 23 creatures vanquished

Notes
Turn   | Place    | Note
-------+----------+-------------------------------------------
     0 | D:1      | croobank the Demonspawn Fire Elementalist began the quest
                  | for the Orb.
     0 | D:1      | Reached XP level 1. HP: 13/13 MP: 3/3
   444 | D:1      | Slain by a quokka

Illustrated notes

Levels and vault maps discovered:
D:1:      dpeg_arrival_shrine, layout_loops_cross,
          shapermc_ecumenical_altar_hornbeckon
D:2:      layout_basic, basic_altar, minmay_3d_cube

Action                   || total
-------------------------++-------
Melee: Dagger            ||     3
 Cast: Foxfire           ||    11
Armor: Robe              ||     1
Dodge: Dodged            ||     5
